General information
- name: BNet
- type: Ladder team game (AT/RT)
- host: Battle.net
- saver: KPvssy
map: Deadlock
- players: 8
- length: 47:39
- speed: Fast
- version: 1.27 W3XP
- replay type: Public
» download(224 KB)
Players
team 1 (loser)

»
Legionnaire (
pink | 51 APM | 579 actions | 11:17)
2 Priestess of the Moon
1 Searing Arrows
1 Trueshot Aura
1 Keeper of the Grove
1 Force of Nature
» actions
| Assign group hotkey | 19 | |
| Basic commands | 65 | |
| Build / train | 45 | |
| Enter build submenu | 21 | |
| Enter hero's abilities submenu | 3 | |
| Right click | 170 | |
| Select / deselect | 156 | |
| Select group hotkey | 70 | |
| Use ability | 30 | |
579 total
» units
» upgrades
| Strength of the Moon | 2 | |
| Improved Bows | 1 | |
| Hippogryph Taming | 1 | |
4 total
» buildings
| Altar of Elders | 1 | |
| Moon Well | 5 | |
| Ancient of War | 2 | |
| Ancient of Wonders | 1 | |
| Hunter's Hall | 1 | |
| Ancient Protector | 3 | |
| Tree of Ages | 2 | |
| Tree of Life | 1 | |
| Ancient of Wind | 2 | |
18 total
» build order
00:20 Altar of Elders
00:33 Moon Well
00:47 Ancient of War
01:40 Moon Well
01:57 Ancient of Wonders
02:18 Ancient of War
02:52 Hunter's Hall
03:42 Moon Well
03:56 Ancient Protector
04:40 Tree of Ages
04:41 Tree of Ages
05:36 Tree of Life
06:39 Moon Well
07:30 Ancient of Wind
07:32 Ancient of Wind
07:37 Moon Well
08:10 Ancient Protector
08:39 Ancient Protector

»
google.com (
red | 69 APM | 1513 actions | 21:50)
5 Archmage
3 Blizzard
2 Brilliance Aura
» actions
| Assign group hotkey | 23 | |
| Basic commands | 29 | |
| Build / train | 94 | |
| Enter build submenu | 34 | |
| Enter hero's abilities submenu | 5 | |
| Right click | 319 | |
| Select / deselect | 287 | |
| Select group hotkey | 637 | |
| Use ability | 85 | |
1513 total
» units
| Peasant | 22 | |
| Mortar Team | 9 | |
| Siege Engine | 3 | |
| Hippogryph | 8 | |
| Archer | 4 | |
46 total
» upgrades
| Masonry | 3 | |
| Lumber Harvesting | 1 | |
| Gunpowder | 1 | |
| Plating | 1 | |
| Fragmentation Shards | 1 | |
| Barrage | 1 | |
| Armor | 1 | |
| Magic Sentry | 1 | |
| Moon Armor | 1 | |
| Marksmanship | 1 | |
| Strength of the Moon | 1 | |
13 total
» buildings
| Scout Tower | 9 | |
| Farm | 12 | |
| Arcane Tower | 3 | |
| Altar of Kings | 1 | |
| Lumber Mill | 1 | |
| Keep | 4 | |
| Guard Tower | 4 | |
| Town Hall | 1 | |
| Castle | 1 | |
| Blacksmith | 2 | |
| Arcane Vault | 1 | |
| Workshop | 3 | |
| Arcane Sanctum | 2 | |
| Ancient of War | 2 | |
| Moon Well | 3 | |
49 total
» build order
00:09 Scout Tower
00:29 Farm
00:31 Farm
00:32 Farm
00:36 Arcane Tower
01:36 Altar of Kings
02:05 Scout Tower
02:12 Lumber Mill
02:21 Farm
02:24 Farm
02:32 Arcane Tower
03:02 Keep
03:02 Keep
03:03 Keep
03:03 Keep
03:11 Scout Tower
04:07 Guard Tower
04:49 Town Hall
05:03 Scout Tower
05:40 Arcane Tower
05:42 Scout Tower
06:21 Scout Tower
07:28 Castle
07:35 Blacksmith
07:51 Blacksmith
08:03 Guard Tower
08:24 Arcane Vault
08:33 Scout Tower
08:34 Scout Tower
09:14 Scout Tower
09:20 Workshop
09:29 Workshop
09:48 Guard Tower
09:56 Farm
10:48 Workshop
12:14 Farm
12:15 Guard Tower
12:55 Farm
13:11 Arcane Sanctum
13:41 Farm
13:44 Farm
13:44 Farm
13:45 Farm
14:07 Arcane Sanctum
17:20 Ancient of War
17:21 Ancient of War
20:01 Moon Well
20:03 Moon Well
20:03 Moon Well
» items
| Scroll of Regeneration | 3 | |
| Scroll of Town Portal | 3 | |
| Lesser Clarity Potion | 1 | |
| Orb of Fire | 1 | |
| Potion of Healing | 6 | |
14 total
Strongman. (
purple | 60 APM | 2849 actions | 47:38)
7 Archmage
2 Summon Water Elemental
3 Brilliance Aura
2 Blizzard
1 Priestess of the Moon
1 Searing Arrows
» actions
| Assign group hotkey | 81 | |
| Basic commands | 18 | |
| Build / train | 242 | |
| ESC pressed | 5 | |
| Enter build submenu | 99 | |
| Enter hero's abilities submenu | 7 | |
| Give item / drop item | 3 | |
| Remove unit from queue | 9 | |
| Right click | 661 | |
| Select / deselect | 431 | |
| Select group hotkey | 1044 | |
| Use ability | 249 | |
2849 total
» units
| Peasant | 18 | |
| Footman | 4 | |
| Wisp | 24 | |
| Sorceress | 2 | |
| Gryphon Rider | 6 | |
| Dragonhawk Rider | 1 | |
| Archer | 4 | |
| Dryad | 4 | |
| Siege Engine | 2 | |
65 total
» upgrades
| Masonry | 3 | |
| Swords | 3 | |
| Armor | 4 | |
| Sorceress Training | 1 | |
| Nature's Blessing | 2 | |
| Lumber Harvesting | 2 | |
| Well Spring | 2 | |
| Storm Hammers | 1 | |
| Cloud | 1 | |
| Moon Armor | 1 | |
| Plating | 3 | |
| Gunpowder | 3 | |
| Strength of the Wild | 1 | |
| Reinforced Hides | 1 | |
| Druid of the Talon Training | 1 | |
| Barrage | 1 | |
30 total
» buildings
| Altar of Kings | 1 | |
| Farm | 8 | |
| Barracks | 1 | |
| Arcane Vault | 2 | |
| Lumber Mill | 1 | |
| Town Hall | 4 | |
| Scout Tower | 36 | |
| Keep | 8 | |
| Guard Tower | 65 | |
| Arcane Tower | 5 | |
| Blacksmith | 1 | |
| Castle | 7 | |
| Arcane Sanctum | 1 | |
| Ancient Protector | 26 | |
| Tree of Eternity | 2 | |
| Gryphon Aviary | 2 | |
| Moon Well | 4 | |
| Workshop | 4 | |
| Ancient of Wind | 3 | |
181 total
» build order
00:53 Altar of Kings
00:54 Farm
00:57 Barracks
01:04 Farm
01:07 Farm
02:42 Arcane Vault
02:47 Lumber Mill
02:52 Farm
03:56 Town Hall
04:24 Scout Tower
04:26 Scout Tower
04:27 Scout Tower
04:28 Scout Tower
04:42 Scout Tower
04:47 Scout Tower
05:14 Keep
05:15 Keep
05:16 Guard Tower
05:40 Arcane Tower
05:40 Guard Tower
05:40 Guard Tower
05:40 Guard Tower
05:51 Guard Tower
06:26 Guard Tower
06:34 Blacksmith
07:47 Castle
07:47 Castle
07:48 Castle
07:52 Scout Tower
07:54 Scout Tower
08:47 Guard Tower
08:50 Arcane Sanctum
09:35 Scout Tower
09:37 Scout Tower
09:38 Scout Tower
09:40 Scout Tower
09:44 Scout Tower
12:24 Keep
12:24 Keep
12:24 Keep
12:25 Guard Tower
12:25 Guard Tower
12:26 Guard Tower
12:39 Ancient Protector
12:41 Ancient Protector
12:46 Ancient Protector
12:47 Ancient Protector
13:42 Scout Tower
13:42 Scout Tower
13:44 Scout Tower
14:04 Guard Tower
14:04 Guard Tower
14:05 Guard Tower
14:05 Guard Tower
14:05 Guard Tower
14:05 Guard Tower
14:48 Guard Tower
14:48 Guard Tower
15:29 Ancient Protector
15:30 Ancient Protector
15:31 Ancient Protector
15:55 Guard Tower
16:26 Tree of Eternity
16:27 Tree of Eternity
16:30 Castle
16:30 Castle
16:31 Castle
17:10 Guard Tower
17:10 Guard Tower
18:59 Town Hall
21:13 Scout Tower
21:15 Scout Tower
21:17 Scout Tower
21:20 Scout Tower
21:35 Scout Tower
21:36 Scout Tower
21:37 Scout Tower
21:56 Guard Tower
21:57 Guard Tower
21:57 Guard Tower
21:57 Guard Tower
21:57 Guard Tower
21:58 Guard Tower
21:58 Arcane Tower
21:58 Arcane Tower
21:59 Arcane Tower
22:18 Gryphon Aviary
22:35 Gryphon Aviary
22:52 Ancient Protector
22:54 Ancient Protector
22:56 Ancient Protector
22:57 Ancient Protector
22:59 Ancient Protector
23:19 Guard Tower
23:19 Guard Tower
23:19 Guard Tower
24:34 Scout Tower
24:35 Scout Tower
24:38 Scout Tower
25:19 Guard Tower
25:19 Guard Tower
25:19 Guard Tower
25:22 Farm
25:25 Farm
25:32 Moon Well
25:34 Moon Well
25:36 Moon Well
25:37 Moon Well
26:25 Arcane Vault
26:36 Ancient Protector
26:38 Ancient Protector
26:40 Ancient Protector
26:41 Ancient Protector
26:42 Ancient Protector
26:55 Ancient Protector
26:56 Ancient Protector
27:00 Ancient Protector
27:01 Ancient Protector
27:31 Farm
27:32 Farm
32:22 Town Hall
32:24 Scout Tower
32:25 Scout Tower
32:26 Scout Tower
32:28 Scout Tower
32:29 Scout Tower
32:30 Scout Tower
33:15 Guard Tower
33:15 Guard Tower
33:16 Guard Tower
33:16 Guard Tower
33:32 Guard Tower
33:32 Guard Tower
33:33 Guard Tower
33:33 Guard Tower
33:33 Guard Tower
33:33 Guard Tower
33:38 Town Hall
35:21 Scout Tower
35:22 Scout Tower
35:23 Scout Tower
35:24 Scout Tower
35:31 Ancient Protector
35:33 Ancient Protector
35:34 Ancient Protector
35:36 Ancient Protector
35:42 Ancient Protector
36:36 Guard Tower
36:36 Guard Tower
36:37 Guard Tower
36:38 Guard Tower
36:38 Guard Tower
36:39 Guard Tower
40:45 Workshop
40:48 Workshop
40:50 Workshop
40:53 Workshop
41:03 Ancient of Wind
41:04 Ancient of Wind
41:06 Ancient of Wind
» items
| Scroll of Regeneration | 4 | |
| Mechanical Critter | 5 | |
| Periapt of Vitality | 2 | |
| Potion of Invisibility | 8 | |
| Staff of Teleportation | 1 | |
| Tome of Retraining | 1 | |
| Scroll of Town Portal | 3 | |
| Lesser Clarity Potion | 1 | |
25 total

»
Agent_Joe (
green | 34 APM | 739 actions | 21:56)
6 Priestess of the Moon
3 Trueshot Aura
2 Searing Arrows
1 Starfall
» actions
| Basic commands | 1 | |
| Build / train | 68 | |
| Enter build submenu | 23 | |
| Enter hero's abilities submenu | 7 | |
| Remove unit from queue | 1 | |
| Right click | 357 | |
| Select / deselect | 247 | |
| Use ability | 35 | |
739 total
» units
| Wisp | 23 | |
| Huntress | 5 | |
| Druid of the Talon | 4 | |
| Dryad | 5 | |
| Chimaera | 7 | |
| Hippogryph | 2 | |
46 total
» upgrades
| Sentinel | 1 | |
| Strength of the Wild | 3 | |
| Reinforced Hides | 3 | |
| Abolish Magic | 1 | |
| Corrosive Breath | 1 | |
| Moon Armor | 1 | |
10 total
» buildings
| Moon Well | 5 | |
| Altar of Elders | 1 | |
| Hunter's Hall | 1 | |
| Ancient of War | 2 | |
| Tree of Ages | 1 | |
| Ancient Protector | 6 | |
| Ancient of Wind | 2 | |
| Ancient of Lore | 2 | |
| Tree of Life | 2 | |
| Tree of Eternity | 1 | |
| Chimaera Roost | 2 | |
25 total
» build order
00:15 Moon Well
00:19 Altar of Elders
01:26 Hunter's Hall
01:47 Ancient of War
01:57 Moon Well
02:30 Ancient of War
03:52 Moon Well
04:23 Tree of Ages
04:55 Ancient Protector
06:14 Ancient Protector
06:51 Ancient of Wind
07:02 Ancient of Lore
07:24 Tree of Life
08:24 Tree of Eternity
10:56 Chimaera Roost
10:59 Chimaera Roost
11:58 Ancient of Wind
12:02 Ancient of Lore
12:07 Ancient Protector
12:12 Ancient Protector
12:16 Ancient Protector
12:32 Moon Well
13:36 Moon Well
14:00 Ancient Protector
17:40 Tree of Life
» items
| Scroll of Town Portal | 1 | |
| Potion of Lesser Invulnerability | 1 | |
2 total
team 2 (winner)
HappyTaliban (
blue | 33 APM | 1577 actions | 47:38)
5 Archmage
3 Blizzard
2 Brilliance Aura
» actions
| Basic commands | 812 | |
| Build / train | 105 | |
| ESC pressed | 9 | |
| Enter build submenu | 37 | |
| Enter hero's abilities submenu | 5 | |
| Remove unit from queue | 3 | |
| Right click | 3 | |
| Select / deselect | 505 | |
| Use ability | 98 | |
1577 total
» units
| Peasant | 16 | |
| Footman | 9 | |
| Rifleman | 2 | |
| Sorceress | 4 | |
| Mortar Team | 10 | |
| Flying Machine | 22 | |
| Priest | 3 | |
66 total
» upgrades
| Defend | 1 | |
| Masonry | 3 | |
| Gunpowder | 3 | |
| Lumber Harvesting | 2 | |
| Sorceress Training | 2 | |
| Armor | 1 | |
| Magic Sentry | 1 | |
| Fragmentation Shards | 1 | |
| Flak Cannons | 1 | |
| Plating | 1 | |
16 total
» buildings
| Altar of Kings | 1 | |
| Farm | 14 | |
| Barracks | 1 | |
| Town Hall | 2 | |
| Scout Tower | 5 | |
| Keep | 1 | |
| Lumber Mill | 1 | |
| Blacksmith | 1 | |
| Arcane Tower | 2 | |
| Arcane Vault | 2 | |
| Arcane Sanctum | 1 | |
| Workshop | 3 | |
| Castle | 1 | |
| Guard Tower | 2 | |
37 total
» build order
00:38 Altar of Kings
00:49 Farm
00:52 Barracks
01:19 Farm
01:35 Farm
01:51 Farm
02:17 Farm
03:48 Town Hall
04:07 Scout Tower
05:37 Keep
06:17 Lumber Mill
06:20 Blacksmith
06:26 Arcane Tower
06:51 Arcane Vault
06:56 Arcane Vault
07:07 Scout Tower
07:35 Farm
07:39 Arcane Tower
07:41 Farm
08:10 Arcane Sanctum
08:14 Workshop
08:19 Workshop
08:21 Castle
08:31 Workshop
08:43 Farm
09:03 Scout Tower
09:10 Farm
12:10 Farm
12:27 Scout Tower
12:28 Guard Tower
12:53 Farm
13:50 Farm
14:12 Farm
14:50 Scout Tower
17:39 Guard Tower
22:10 Town Hall
45:44 Farm
» items
| Healing Salve | 1 | |
| Scroll of Regeneration | 4 | |
| Potion of Healing | 2 | |
| Scroll of Town Portal | 1 | |
8 total
KPvssy (
orange | 41 APM | 1945 actions | 47:39)
7 Blademaster
3 Wind Walk
3 Critical Strike
1 Bladestorm
» actions
| Assign group hotkey | 49 | |
| Basic commands | 288 | |
| Build / train | 70 | |
| Enter build submenu | 71 | |
| Enter hero's abilities submenu | 8 | |
| Give item / drop item | 13 | |
| Remove unit from queue | 2 | |
| Right click | 617 | |
| Select / deselect | 421 | |
| Select group hotkey | 255 | |
| Use ability | 151 | |
1945 total
» units
» upgrades
| Reinforced Defenses | 1 | |
| Ranged Weapons | 3 | |
| Armor | 3 | |
| Envenomed Spears | 1 | |
8 total
» buildings
| Orc Burrow | 8 | |
| Altar of Storms | 1 | |
| Barracks | 1 | |
| Voodoo Lounge | 4 | |
| Stronghold | 1 | |
| War Mill | 2 | |
| Great Hall | 5 | |
| Watch Tower | 58 | |
| Fortress | 1 | |
| Beastiary | 4 | |
85 total
» build order
00:11 Orc Burrow
00:52 Altar of Storms
01:01 Orc Burrow
01:04 Barracks
01:49 Voodoo Lounge
02:56 Stronghold
04:00 War Mill
04:04 Orc Burrow
04:48 Great Hall
05:16 Watch Tower
05:16 Watch Tower
06:04 Watch Tower
06:05 Watch Tower
07:41 Fortress
07:47 Watch Tower
07:47 Watch Tower
07:48 Watch Tower
08:32 Watch Tower
08:33 Watch Tower
08:33 Watch Tower
08:34 Watch Tower
08:35 Watch Tower
08:38 Watch Tower
08:39 Watch Tower
08:40 Watch Tower
12:24 Watch Tower
12:24 Watch Tower
12:25 Watch Tower
12:28 Watch Tower
12:46 Beastiary
12:47 Beastiary
12:49 Beastiary
12:52 Beastiary
13:23 War Mill
15:20 Orc Burrow
15:21 Orc Burrow
15:24 Orc Burrow
16:35 Orc Burrow
16:40 Orc Burrow
21:35 Great Hall
21:37 Watch Tower
21:38 Watch Tower
21:38 Watch Tower
21:38 Watch Tower
21:40 Watch Tower
21:40 Watch Tower
21:40 Watch Tower
21:41 Watch Tower
21:44 Voodoo Lounge
22:10 Voodoo Lounge
22:13 Voodoo Lounge
22:38 Watch Tower
22:38 Watch Tower
22:39 Watch Tower
22:39 Watch Tower
22:41 Watch Tower
22:42 Watch Tower
22:46 Watch Tower
22:50 Watch Tower
22:50 Watch Tower
22:51 Watch Tower
22:51 Watch Tower
23:09 Great Hall
23:12 Watch Tower
23:12 Watch Tower
23:12 Watch Tower
23:13 Watch Tower
23:14 Watch Tower
23:14 Watch Tower
23:14 Watch Tower
23:15 Watch Tower
30:02 Great Hall
30:11 Watch Tower
30:11 Watch Tower
30:12 Watch Tower
30:12 Watch Tower
30:13 Watch Tower
30:13 Watch Tower
30:14 Watch Tower
30:14 Watch Tower
35:17 Great Hall
36:22 Watch Tower
36:22 Watch Tower
36:23 Watch Tower
36:24 Watch Tower
» items
| Healing Salve | 6 | |
| Staff of Teleportation | 1 | |
| Orb of Lightning | 1 | |
| Potion of Healing | 1 | |
| Scroll of Town Portal | 1 | |
10 total
wrehwe5453453fg (
yellow | 19 APM | 893 actions | 47:38)
7 Dark Ranger
3 Black Arrow
2 Silence
1 Life Drain
1 Charm
» actions
| Basic commands | 5 | |
| Build / train | 62 | |
| Enter build submenu | 35 | |
| Enter hero's abilities submenu | 7 | |
| Right click | 373 | |
| Select / deselect | 337 | |
| Use ability | 73 | |
893 total
» units
| Acolyte | 13 | |
| Ghoul | 7 | |
| Crypt Fiend | 5 | |
| Razormane Medicine Man | 1 | |
| Obsidian Statue | 4 | |
| Frost Wyrm | 7 | |
37 total
» upgrades
| Creature Attack | 3 | |
| Creature Carapace | 3 | |
| Web | 1 | |
| Freezing Breath | 1 | |
| Destroyer Form | 1 | |
9 total
» buildings
| Ziggurat | 18 | |
| Graveyard | 1 | |
| Crypt | 1 | |
| Altar of Darkness | 1 | |
| Halls of the Dead | 1 | |
| Tomb of Relics | 1 | |
| Spirit Tower | 5 | |
| Necropolis | 2 | |
| Black Citadel | 1 | |
| Slaughterhouse | 1 | |
| Sacrificial Pit | 1 | |
| Boneyard | 2 | |
| Nerubian Tower | 1 | |
36 total
» build order
00:12 Ziggurat
00:26 Graveyard
00:46 Crypt
01:08 Altar of Darkness
01:41 Ziggurat
01:46 Ziggurat
03:49 Halls of the Dead
04:13 Tomb of Relics
04:23 Ziggurat
04:24 Ziggurat
05:32 Spirit Tower
05:33 Spirit Tower
07:15 Necropolis
08:37 Black Citadel
09:03 Necropolis
09:40 Slaughterhouse
09:45 Ziggurat
09:47 Ziggurat
10:43 Spirit Tower
10:46 Ziggurat
12:22 Sacrificial Pit
13:58 Boneyard
14:21 Boneyard
18:27 Spirit Tower
18:34 Nerubian Tower
22:37 Ziggurat
22:40 Ziggurat
22:41 Ziggurat
22:43 Ziggurat
23:16 Ziggurat
24:21 Spirit Tower
26:31 Ziggurat
26:33 Ziggurat
26:38 Ziggurat
26:41 Ziggurat
26:43 Ziggurat
KBilly (
teal | 52 APM | 2257 actions | 43:04)
3 Blademaster
2 Wind Walk
1 Critical Strike
4 Shadow Hunter
1 Hex
2 Healing Wave
1 Serpent Ward
» actions
| Assign group hotkey | 44 | |
| Basic commands | 23 | |
| Build / train | 83 | |
| ESC pressed | 3 | |
| Enter build submenu | 23 | |
| Enter hero's abilities submenu | 7 | |
| Give item / drop item | 3 | |
| Right click | 913 | |
| Select / deselect | 373 | |
| Select group hotkey | 641 | |
| Use ability | 144 | |
2257 total
» units
| Peon | 20 | |
| Grunt | 2 | |
| Raider | 5 | |
| Spirit Walker | 5 | |
| Troll Batrider | 6 | |
| Shaman | 1 | |
| Troll Witch Doctor | 2 | |
41 total
» upgrades
| Ensnare | 1 | |
| Pillage | 1 | |
| Melee Weapons | 2 | |
| Armor | 1 | |
| Spirit Walker Training | 1 | |
| Spiked Barricades | 1 | |
| Witch Doctor Training | 1 | |
8 total
» buildings
| Altar of Storms | 1 | |
| Orc Burrow | 10 | |
| Barracks | 1 | |
| Stronghold | 3 | |
| Voodoo Lounge | 2 | |
| Beastiary | 1 | |
| Spirit Lodge | 1 | |
| War Mill | 1 | |
| Watch Tower | 3 | |
| Great Hall | 2 | |
25 total
» build order
00:09 Altar of Storms
00:21 Orc Burrow
00:36 Barracks
02:09 Stronghold
02:10 Stronghold
02:10 Stronghold
02:29 Voodoo Lounge
02:40 Orc Burrow
03:21 Orc Burrow
04:36 Beastiary
06:22 Spirit Lodge
06:37 Orc Burrow
07:32 War Mill
09:30 Orc Burrow
13:54 Watch Tower
14:47 Watch Tower
16:04 Watch Tower
18:20 Orc Burrow
18:24 Orc Burrow
21:38 Orc Burrow
24:44 Great Hall
29:31 Orc Burrow
29:46 Voodoo Lounge
30:31 Orc Burrow
31:23 Great Hall
» items
| Circlet of Nobility | 2 | |
| Boots of Speed | 2 | |
| Potion of Healing | 1 | |
| Healing Salve | 5 | |
| Lesser Clarity Potion | 3 | |
| Potion of Mana | 1 | |
| Scroll of Speed | 2 | |
| Scroll of Town Portal | 1 | |
| Scroll of Healing | 2 | |
| Potion of Lesser Invulnerability | 1 | |
| Staff of Teleportation | 1 | |
| Potion of Invisibility | 1 | |
22 total
Chat log
(00:06 / All) Strongman.: We meet again, billy boy
(00:16 / All) KBilly: glhf
(00:17 / All) Strongman.: and this time you aren't on my team to get owned by an ancient of war
(04:53 / Allies) KBilly: hepl plase
(05:02 / Allies) HappyTaliban: bueeow
(05:11 / Allies) KBilly: help or stfu
(06:12 / Allies) KBilly: ass
(07:03 / Allies) KPvssy: fucking net lagged
(10:31 / Allies) wrehwe5453453fg: main
(10:56 / All) Legionnaire: FUCK YOU
(10:59 / All) Legionnaire: FUCKK YOUY
(11:01 / All) Legionnaire: Yeah
(11:04 / All) Legionnaire: walk out
(11:06 / All) Legionnaire: bitch ass nigger
(11:07 / All) Legionnaire: fuck you
(11:13 / All) Legionnaire: fuck you all
(11:35 / All) KPvssy: lawl
(12:44 / Allies) KPvssy: lumber?
(13:12 / Allies) KPvssy: lumbeR?
(14:07 / All) wrehwe5453453fg: mass morts your horrible red
(14:22 / Allies) KBilly: chims
(14:22 / All) google.com: you're
(14:23 / Allies) KBilly: they are chims
(15:12 / Allies) KPvssy: LUMBER?
(16:58 / Allies) KPvssy: wtf blue
(16:59 / All) Strongman.: wtf I tped that am
(16:59 / Allies) KPvssy: tk?
(17:02 / Allies) KBilly: any hlep?
(17:09 / Allies) KPvssy: why you attacking me blue?
(17:14 / Allies) KBilly: allies?
(17:48 / Allies) KBilly: no allies? how rude
(17:57 / Allies) KPvssy: blue tried to attack me
(21:12 / Allies) KBilly: let me pillage please blue
(21:15 / Allies) KBilly: I need the cash for bm
(21:16 / Allies) KBilly: ok?
(22:11 / Allies) KBilly: yellow carry
(23:19 / Allies) KBilly: ok, please stop tking.
(23:23 / Allies) KPvssy: he attacked me
(23:30 / Allies) KBilly: please stop tking
(24:48 / All) wrehwe5453453fg: lol?
(24:54 / All) Strongman.: what?
(24:59 / All) wrehwe5453453fg: orange tking me
(25:02 / All) Strongman.: LOL
(25:06 / All) Strongman.: GG CLOWN
(25:23 / Allies) KBilly: wtf oj?
(25:41 / Allies) KBilly: I worked all game to get him back.
(25:45 / All) KBilly: why are you being a twit?
(25:50 / All) Strongman.: who?
(25:54 / All) KBilly: OJ
(25:58 / All) wrehwe5453453fg: orange just a shit fag
(25:59 / All) Strongman.: you lost your base to an ancient of war last game and called me bad LOL
(26:01 / All) Strongman.: now you lose to tk
(26:05 / All) Strongman.: teal total trash noobie
(26:31 / All) Strongman.: Teal how's it feel to be such an ultra noob?
(26:54 / All) KBilly: can't help a tk.
(27:01 / All) KPvssy: you can't hlep being a pussy either
(27:05 / All) Strongman.: I have fought off tkers before
(27:08 / All) KBilly: How's that?
(27:09 / All) Strongman.: maybe you just suck
(28:13 / All) KPvssy: KBILLY MORE LIKE KPUSSY AMIRITE?
(28:21 / All) Strongman.: yeah right
(28:22 / All) Strongman.: you are
(28:29 / All) Strongman.: you should've seen him last game
(28:33 / All) Strongman.: lose his whole base to an ancient of war
(29:08 / Allies) KPvssy: Die, terrorist
(30:39 / All) KPvssy: thx
(30:58 / All) KPvssy: thanks for doing me that solid, makes it much easier to kill you guys
(30:59 / All) KBilly: good stuff.
(31:04 / All) Strongman.: KBilly is a noob
(31:18 / All) Strongman.: he's shit, no joke
(31:36 / All) Strongman.: only joke is kbilly, what a joke of a man
(32:18 / All) Strongman.: Thanks billy, I'll take that expo
(32:36 / All) KPvssy: Kbilly I'll let you win
(32:46 / All) KPvssy: If you answer 100 trivia questions correctly
(32:59 / All) KBilly: oh, you again.
(33:07 / All) Strongman.: we're your biggest fan
(33:09 / All) KPvssy: Whatdya say, pal?
(33:15 / All) KBilly: I saw you post that replay on wcreplays.com
(33:28 / All) Strongman.: We're in this game from the start together
(33:31 / All) KPvssy: I didn't post it but I saved it
(33:31 / All) Strongman.: whenever we see you we pick you out
(33:33 / All) KBilly: no doubt.
(33:38 / All) KBilly: soemone posted it.
(34:47 / Allies) KPvssy: KBilly if you answer a trivia question correctly
(34:49 / Allies) KPvssy: I'll give you 2k
(35:03 / Allies) KPvssy: Who was the first emperor of Rome?
(35:35 / Allies) KPvssy: I'll give you 10 more seconds
(35:37 / Allies) KPvssy: 9
(35:38 / Allies) KPvssy: 8
(35:40 / Allies) KPvssy: 7
(35:41 / Allies) KPvssy: 6
(35:42 / Allies) KPvssy: 5
(35:43 / Allies) KPvssy: 4
(35:45 / Allies) KPvssy: 3
(35:46 / Allies) KPvssy: 2
(35:47 / Allies) KPvssy: 1
(35:52 / Allies) KPvssy: Time is up, sorry about that.
(36:06 / Allies) KPvssy: The correct answer was of course George Washington Carver
(39:42 / All) Strongman.: careful, billy
(43:09 / All) KPvssy: Aw
(43:38 / All) KPvssy: one of them suicided kbilly's stuff
(45:58 / All) KPvssy: Taliban is a terrorist, name checks out
(47:02 / Allies) KPvssy: Die terrorist